Map: 2000 Atmosphären LE

Players

HackErIsNoob - Winner!

  • Race: Zerg Zerg
  • League: Master
  • Spawn Location: 3:00

TossObvOp

  • Race: Protoss Protoss
  • League: Master
  • Spawn Location: 7:00

VOD

Have the link to the VOD?

Description

Time

  • Played on: June 28, 2022, 8:41 a.m.
  • Length: 9:42
Show
View Real Time Build Order
Export as new Build Order

HackErIsNoob Zerg - Winner!

Build Orders: Hatch First, Lurkers 

Get SALT Encoding   

  12  0:01  Drone  
  13  0:13  Overlord  
  13  0:16  Drone  
  14  0:31  Drone x2  
  16  0:48  Drone  
  17  0:54  Hatchery  
  16  0:58  Drone  
  16  0:59  Drone  
  18  1:12  Extractor  
  18  1:13  Spawning Pool  
  18  1:15  Drone  
  17  1:22  Drone  
  18  1:29  Drone  
  19  1:43  Drone  
  20  1:49  Drone  
  21  2:00  Overlord  
  21  2:05  Queen x2  
  21  2:06  Drone  
  26  2:18  Hatchery  
  26  2:22  Metabolic Boost  
  25  2:27  Drone  
  26  2:31  Drone  
  26  2:32  Drone  
  26  2:33  Extractor  
  26  2:35  Drone  
  28  2:45  Drone x3  
  28  2:50  Drone  
  32  3:03  Zergling x4  
  32  3:05  Lair  
  34  3:10  Overlord  
  34  3:15  Drone x2  
  36  3:30  Drone  
  36  3:31  Drone x6  
  43  3:36  Extractor  
  43  3:37  Extractor  
  41  3:41  Queen  
  43  3:50  Drone x4  
  43  3:54  Overlord  
  47  4:07  Hydralisk Den  
  47  4:09  Drone x2  
  47  4:10  Drone x2  
  50  4:17  Drone x2  
  50  4:22  Overlord  
  51  4:26  Overseer  
  51  4:32  Overlord x2  
  51  4:38  Grooved Spines  
  51  4:45  Hydralisk x4  
  50  4:46  Hydralisk  
  60  5:01  Lurker Den  
  60  5:02  Hydralisk  
  60  5:03  Hydralisk x2  
  60  5:04  Hydralisk  
  67  5:11  Hydralisk  
  67  5:12  Zergling x6  
  72  5:23  Drone  
  72  5:24  Hydralisk x3  
  72  5:26  Zergling x4  
  82  5:28  Zergling x2  
  82  5:39  Overlord x2  
  82  5:49  Muscular Augments  
  81  5:57  Hydralisk, Zergling x2  
  82  5:58  Hydralisk x5  
  82  5:59  Zergling x2  
  82  6:00  Zergling x2  
  95  6:19  Zergling x2  
  95  6:20  Zergling x2  
  95  6:21  Overlord x2  
  97  6:38  Overlord  
  95  6:41  Hydralisk x2  
  95  6:42  Hydralisk x2  
  95  6:43  Zergling x2  
  95  6:44  Zergling x8  
  95  6:46  Lurker x2  
  110  6:47  Lurker  
  110  6:48  Lurker  
  110  6:49  Zergling x2  
  110  6:50  Zergling x2  
  110  6:54  Overlord x2  
  111  7:05  Lurker  
  111  7:08  Lurker  
  110  7:09  Zergling x18  
  90  7:32  Hydralisk x5  
  90  7:33  Hydralisk  
  90  7:34  Zergling x6  
  90  7:35  Zergling x2  
  106  7:38  Hydralisk  
  106  7:39  Zergling x2  
  109  7:49  Lurker  
  110  7:54  Zergling x2  
  110  7:55  Zergling x8  
  115  8:03  Lurker  
  115  8:05  Hydralisk  
  114  8:06  Hydralisk  
  114  8:07  Zergling x4  
  117  8:24  Hydralisk x4  
  106  8:37  Hydralisk x2  
  106  8:38  Zergling x6  
  97  8:57  Hydralisk x3, Zergling x2  
  94  9:04  Lurker  
  93  9:12  Hydralisk x3  
  93  9:13  Zergling x4  
Show
View Real Time Build Order
Export as new Build Order

TossObvOp Protoss 

Build Orders: 1 Gate Expand, Oracle Opening 

Get SALT Encoding   

  12  0:00  Probe  
  13  0:13  Pylon  
  13  0:17  Probe (Chrono Boost)  
  14  0:27  Probe (Chrono Boost)  
  15  0:32  Probe (Chrono Boost)  
  16  0:38  Gateway  
  16  0:43  Probe  
  16  0:47  Assimilator  
  17  0:55  Probe  
  18  1:04  Pylon  
  18  1:08  Probe  
  19  1:20  Probe  
  20  1:25  Nexus  
  20  1:36  Cybernetics Core  
  20  1:38  Probe  
  21  1:45  Assimilator  
  21  1:50  Probe  
  21  1:53  Pylon  
  22  2:02  Probe (Chrono Boost)  
  23  2:09  Adept (Chrono Boost)  
  23  2:14  Probe (Chrono Boost)  
  26  2:20  Probe (Chrono Boost)  
  27  2:24  Stargate  
  28  2:30  Probe (Chrono Boost)  
  28  2:32  Warp Gate  
  28  2:38  Adept, Probe (Chrono Boost)  
  32  2:46  Probe (Chrono Boost)  
  32  2:47  Probe (Chrono Boost)  
  33  2:52  Probe (Chrono Boost)  
  33  2:53  Probe  
  35  3:04  Probe  
  35  3:05  Gateway, Oracle (Chrono Boost), Probe  
  40  3:14  Pylon  
  40  3:16  Probe  
  40  3:17  Probe  
  42  3:28  Probe  
  42  3:29  Probe  
  42  3:33  Pylon  
  44  3:34  Oracle (Chrono Boost)  
  44  3:40  Probe  
  48  3:41  Probe  
  48  3:46  Nexus  
  49  3:53  Probe x2  
  49  3:55  Shield Battery  
  51  3:58  Pylon  
  51  4:04  Oracle  
  51  4:08  Probe x2  
  56  4:10  Assimilator  
  56  4:26  Twilight Council  
  56  4:27  Forge  
  58  4:33  Protoss Ground Weapons Level 1  
  58  4:35  Gateway  
  58  4:36  Gateway  
  56  4:38  Gateway  
  56  4:39  Stalker  
  56  4:40  Stalker  
  60  5:04  Gateway  
  60  5:05  Gateway  
  60  5:06  Blink (Chrono Boost)  
  60  5:08  Gateway  
  60  5:10  Gateway  
  60  5:14  Pylon  
  60  5:16  Stalker  
  60  5:20  Shield Battery  
  62  5:21  Shield Battery  
  62  5:24  Stalker  
  64  5:32  Zealot x2  
  64  5:34  Sentry  
  70  5:40  Stalker  
  72  5:56  Stalker x3  
  78  5:59  Pylon  
  78  6:01  Zealot  
  78  6:02  Zealot, Stalker  
  84  6:17  Stalker x2  
  85  6:21  Stalker  
  85  6:22  Zealot x3  
  85  6:25  Pylon  
  93  6:29  Pylon  
  91  6:40  Stalker x3  
  91  6:46  Stalker  
  91  6:47  Zealot  
  101  6:53  Probe  
  101  6:54  Probe x2  
  104  6:57  Charge (Chrono Boost)  
  104  7:09  Zealot x5  
  104  7:14  Stalker  
  98  7:31  Stalker x4  
  94  7:39  Stalker  
  94  7:40  Stalker  
  94  7:41  Zealot x2  
  102  7:55  Stalker x2  
  102  7:56  Zealot x3  
  110  8:01  Pylon  
  110  8:06  Pylon  
  110  8:08  Pylon  
  108  8:23  Zealot x6  
  94  8:31  Zealot  
  75  8:46  Zealot x5  
  75  8:47  Zealot  
  71  9:02  Zealot  
  54  9:10  Zealot x5  
  54  9:11  Zealot  
  54  9:30  Zealot x3  
  56  9:36  Zealot  
Tags
 
Add a new tag
Caveats
  • Supply blocks, unpowered buildings, or Contaminate may cause inaccurate times.
  • Supply counts are checked every 10 seconds.